 Dungeon Crawl Stone Soup version 0.29.1-1-gd02db6906a (webtiles) character file.

Game seed: 9058669790302018747

1398 LabCoat the Chopper (level 8, -6/70 HPs)
             Began as a Hill Orc Fighter on Sept 22, 2022.
             Mangled by an orc warrior
             ... wielding a +0 glaive
              (19 damage)
             ... on level 6 of the Dungeon on Sept 23, 2022.
             The game lasted 00:11:49 (5816 turns).

LabCoat the Chopper (Hill Orc Fighter)              Turns: 5816, Time: 00:11:49

Health: -6/70      AC: 11    Str: 21    XL:     8   Next: 69%
Magic:  8/8        EV: 11    Int:  8    God:
Gold:   300        SH:  5    Dex: 10    Spells: 7/7 levels left

rFire   . . .      SeeInvis .   a - +0 war axe
rCold   + . .      Faith    .   c - +0 buckler
rNeg    . . .      Spirit   .   p - +0 chain mail
rPois   .          Reflect  .   f - +0 helmet
rElec   .          Harm     .   (no cloak)
rCorr   .          Rampage  .   (no gloves)
Will    .....                   (no boots)
Stlth   ..........              (no amulet)
HPRegen 0.21/turn               m - +4 ring of evasion
MPRegen 0.11/turn               r - ring of protection from cold

@: no status effects
A: no striking features
a: no special abilities


You were on level 6 of the Dungeon.
You visited 1 branch of the dungeon, and saw 6 of its levels.

You collected 300 gold pieces.

Inventory:

Hand Weapons
 a - a +0 war axe (weapon)
 s - a +2 broad axe of flaming
Missiles
 n - 3 poisoned darts (quivered)
Armour
 c - a +0 buckler (worn)
 f - a +0 helmet (worn)
 p - a +0 chain mail (worn)
Jewellery
 l - a ring of ice
 m - a +4 ring of evasion (left hand)
 r - a ring of protection from cold (right hand)
Scrolls
 d - a scroll of teleportation {unknown}
 e - a scroll of immolation {unknown}
 h - a scroll of fear
 i - a scroll of butterflies {unknown}
 j - a scroll of enchant armour {unknown}
 o - a scroll of amnesia
 q - 2 scrolls of poison
 t - 2 scrolls of blinking {unknown}
Potions
 g - 3 potions of brilliance
 k - a potion of mutation {unknown}


   Skills:
 + Level 5.8 Fighting
 * Level 7.8 Axes
 + Level 3.2 Throwing
 + Level 5.3 Armour
 + Level 5.4 Shields
 + Level 3.5 Evocations


You had 7 spell levels left.
You didn't know any spells.
Your spell library contained the following spells:

 Spells                   Type           Power      Damage    Failure   Level
 Sandblast                Erth           0%         2d4       99%         1
 Passwall                 Tmut/Erth      0%         N/A       100%        2
 Stone Arrow              Conj/Erth      0%         3d7       100%        3
 Blade Hands              Tmut           0%         N/A       100%        5
 Irradiate                Conj/Tmut      0%         3d11      100%        5
 Dragon Form              Tmut           0%         N/A       100%        7


Dungeon Overview and Level Annotations

Branches:
Dungeon (6/15)
 Temple: D:4-7

Altars:

Shops:
D:4 (


Message History

An orc comes into view. It is wielding a +0 short sword.
The orc throws a boomerang.
The boomerang barely misses you.
Found a leather armour.
An orc warrior comes into view. It is wielding a +0 glaive.
The orc warrior shouts!
You hear a shout!
The orc throws a boomerang.
The boomerang hits you.
An orc priest comes into view. It is wielding a +0 dagger.
The orc priest shouts, "Surrender to Beogh and we'll let you live!" (press Y on the ability menu to convert to Beogh)
The orc priest shouts!
The orc hits you but does no damage.
The orc warrior hits you from afar with a +0 glaive!
The orc hits you with a +0 short sword. The orc warrior misses you.
You barely miss the orc warrior. You slash the orc priest! You hit the orc.
The orc hits you but does no damage. You block the orc priest's attack.
The orc warrior misses you.
You barely miss the orc warrior. You hit the orc.
You kill the orc!
You hit the orc priest but do no damage.
A giant cockroach comes into view.
The orc priest hits you with a +0 dagger.
The orc warrior hits you but does no damage.
You closely miss the orc warrior. You slash the orc priest!
You kill the orc priest!
The orc warrior hits you with a +0 glaive!
Unknown command.
You barely miss the orc warrior.
The orc warrior hits you with a +0 glaive!
You hit the orc warrior but do no damage.
The orc warrior hits you with a +0 glaive!
* * * LOW HITPOINT WARNING * * *
A gnoll bouda comes into view. It is wielding a +0 club.
The orc warrior hits you but does no damage.
You feel better.
The orc warrior hits you with a +0 glaive!
* * * LOW HITPOINT WARNING * * *
You hit the orc warrior but do no damage.
The giant cockroach misses you.
The orc warrior hits you with a +0 glaive!!
You die...

##### #.... ### #....
#### ..# #.... ..#
#.####.... #.#
#.#..+....
########)######.#.##..).
....[.o@............#<..
.g....B...........#.#.##
......(.............#.#
................#######
############..........#
#....#..##.#
#...##.....#
#<..##.....#
#...##.....#


You could see an orc warrior, a gnoll bouda and a giant cockroach.

Vanquished Creatures
  Maggie (D:6)
  Sigmund (D:3)
  A water moccasin (D:5)
  A phantom (D:4)
  2 necrophages (D:4)
  3 scorpions
  2 jellies
  An orc priest (D:6)
  A hound (D:5)
  4 iguanas
  Jessica (D:2)
  4 gnolls (D:4)
  9 adders
  A worm (D:4)
  5 dart slugs
  13 orcs
  5 bats
  7 endoplasms
  A giant cockroach (D:1)
  6 hobgoblins
  6 jackals
  3 quokkas
  14 ball pythons
  5 frilled lizards (D:1)
  10 goblins
  10 kobolds
  10 rats
127 creatures vanquished.

Notes
Turn   | Place    | Note
-------+----------+-------------------------------------------
     0 | D:1      | LabCoat the Hill Orc Fighter began the quest for the Orb.
     0 | D:1      | Reached XP level 1. HP: 19/19 MP: 1/1
   333 | D:1      | Reached skill level 3 in Axes
   335 | D:1      | Reached XP level 2. HP: 24/27 MP: 2/2
   472 | D:1      | Reached XP level 3. HP: 28/33 MP: 3/3
  1114 | D:2      | Noticed Jessica
  1124 | D:2      | Killed Jessica
  1125 | D:2      | Reached skill level 1 in Throwing
  1125 | D:2      | Reached skill level 1 in Evocations
  1125 | D:2      | Reached XP level 4. HP: 25/40 MP: 4/4
  1262 | D:2      | Reached skill level 4 in Axes
  2000 | D:3      | Reached XP level 5. HP: 45/46 MP: 5/5
  2008 | D:3      | Found a faded altar of an unknown god.
  2342 | D:3      | Noticed Sigmund
  2350 | D:3      | Killed Sigmund
  2351 | D:3      | Reached skill level 5 in Axes
  2351 | D:3      | Reached XP level 6. HP: 23/53 MP: 6/6
  3535 | D:4      | Reached XP level 7. HP: 28/60 MP: 7/7
  3734 | D:4      | Reached skill level 6 in Axes
  3761 | D:4      | Reached skill level 5 in Fighting
  4249 | D:4      | Found Hyoxoqix's Antique Weapon Shop.
  4381 | D:5      | Entered Level 5 of the Dungeon
  4475 | D:5      | Reached XP level 8. HP: 68/68 MP: 8/8
  5043 | D:5      | Reached skill level 7 in Axes
  5043 | D:5      | Reached skill level 5 in Shields
  5107 | D:5      | Reached skill level 5 in Armour
  5669 | D:6      | Noticed Maggie
  5679 | D:6      | Killed Maggie
  5816 | D:6      | Mangled by an orc warrior

Illustrated notes

Levels and vault maps discovered:
D:1:      minmay_arrival_radiant_lines, layout_rooms, corexii_hall_statues_l
D:2:      layout_loops_corners, skrybe_limestone_x, uniq_jessica
D:3:      layout_basic, hellmonk_ecumenical_altar_arch_garden,
          dk_noncrumbling_4, chequers_serial_rivers_small_3, uniq_sigmund
D:4:      layout_rooms, serial_shops, shop, minmay_joined_circles
D:5:      layout_basic, patterned_corridor
D:6:      layout_basic, gup_sewer_entry_bowl, minmay_misc_feat_alley,
          kennysheep_dice, uniq_maggie

Skill      XL: |  1  2  3  4  5  6  7  8 |
---------------+-------------------------+-----
Axes           | 3 4 5 6 7 |  7.8
Fighting       | 4 5 |  5.8
Throwing       | 1 2 3 |  3.2
Evocations     | 1 2 3 |  3.5
Armour         | 4 5 |  5.3
Shields        | 4 5 |  5.4

Action                   |  1- 3 |  4- 6 |  7- 9 || total
-------------------------+-------+-------+-------++-------
Melee: War axe           |   100 |   127 |   126 ||   353
Throw: Dart              |       |     9 |    14 ||    23
       Throwing net      |       |       |     1 ||     1
  Use: Scroll            |     1 |     5 |     3 ||     9
       Potion            |       |     4 |     5 ||     9
Armor: Scale mail        |    52 |    64 |    28 ||   144
       Chain mail        |       |       |    30 ||    30
Dodge: Dodged            |    49 |    57 |    93 ||   199
Block: Buckler           |    23 |    29 |    22 ||    74
